 Dungeon Crawl Stone Soup version 0.31-a0-145-g046c7d2549 (webtiles) character file.

Game seed: 12952138477164231988

105 oufanbear the Ruffian (level 4, -5/45 HPs)
             Began as a Troll Berserker on June 6, 2023.
             Was a Believer of Trog.
             Killed from afar by a steam dragon (22 damage)
             ... with a ball of steam
             ... on level 4 of the Dungeon.
             The game lasted 00:17:10 (3196 turns).

oufanbear the Ruffian (Troll Berserker)             Turns: 3196, Time: 00:17:11

Health: -5/45      AC:  5    Str: 29    XL:     4   Next: 53%
Magic:  3/3        EV: 10    Int:  3    God:    Trog [**....]
Gold:   129        SH:  0    Dex:  9    Spells: 3/3 levels left

rFire   x .          .
                       - Unarmed
rCold   + . .        (no shield)
rNeg    . . .        v - +0 robe of the Journeyman {rElec Str+2}
rPois   .            (helmet restricted)
rElec   +            i - +0 cloak
rCorr   .            (gloves unavailable)
SInv    .            (boots unavailable)
Will    .....        (no amulet)
Stlth   +            J - ring of ice
HPRegen 1.07/turn    (no ring)
MPRegen 0.08/turn

%: no passive effects
@: no status effects
A: large, unfitting armour, claws 3, regeneration 1, shaggy fur 1, tough skin 1
a: Renounce Religion, Berserk, Trog's Hand


You were on level 4 of the Dungeon.
You worshipped Trog.
Trog was pleased with you.
You visited 1 branch of the dungeon, and saw 4 of its levels.

You collected 129 gold pieces.

Inventory:

Hand Weapons
 g - a +0 short sword
 h - a +0 short sword
 j - a +0 club
 k - a +0 dagger
 l - a +0 dagger
 m - a +0 hand axe
 p - a +0 club
 s - a +0 short sword
 t - a +1 whip of freezing
 u - a +0 whip
 A - a +0 short sword
 G - a +0 hand axe
Missiles
 e - 25 stones (quivered)
 C - 3 boomerangs
Armour
 a - a +0 animal skin
 f - a +2 buckler
 i - a +0 cloak (worn)
 n - a +0 leather armour
 q - a +0 ring mail
 v - the +0 robe of the Journeyman (worn) {rElec Str+2}
   (You found it on level 2 of the Dungeon)

   Str:       It affects your strength (+2).
   rElec:     It insulates you from electricity.
 F - a +0 ring mail
Jewellery
 J - a ring of ice (left claw)
Wands
 B - a wand of charming (9)
Scrolls
 c - 3 scrolls of identify {unknown}
 r - 2 scrolls of noise {unknown}
 y - a scroll of teleportation {unknown}
 D - 2 scrolls of fog {unknown}
 I - a scroll of poison {unknown}
 K - a scroll of blinking {unknown}
Potions
 b - a potion of curing {unknown}
 d - 3 potions of heal wounds {unknown}
 o - 3 potions of degeneration {unknown}
 w - a potion of mutation {unknown}
 x - a potion of invisibility {unknown}
 z - a potion of haste {unknown}
 E - 2 potions of brilliance {unknown}
 H - a potion of lignification {unknown}


   Skills:
 + Level 3.1 Fighting
 + Level 3.0 Dodging
 + Level 4.3 Unarmed Combat


You had 3 spell levels left.
You didn't know any spells.
Your spell library was empty.

Dungeon Overview and Level Annotations

Branches:
Dungeon (4/15)
 Temple: D:4-7

Altars:

Shops:
D:1 [   D:3 :


Innate Abilities, Weirdness & Mutations

You are too large for most types of armour.
You have claws for hands.
Your natural rate of healing is unusually fast.
You are covered in fur. (AC +1)
You have tough skin. (AC +1)


Message History

The orc hits you with a +0 mace.
You claw the orc!
You kill the orc!
Trog accepts your kill.
A steam dragon comes into view.
A quokka comes into view.
Things that are here:
a +0 mace; an orc corpse You closely miss the orc.
The orc barely misses you.
The steam dragon hisses angrily.
You claw the orc!
You kill the orc!
Trog accepts your kill. The orc hits you with a +0 whip.
The orc barely misses you.
Things that are here:
a +0 flail; an orc corpse You mangle the orc!!
You kill the orc!
Trog accepts your kill. The steam dragon breathes steam at you.
The ball of steam hits you!! The steam scalds you terribly!
Ouch! That really hurt!
* * * LOW HITPOINT WARNING * * *
The quokka barely misses you.
Things that are here:
a +0 mace; an orc corpse The quokka barely misses you.
You barely miss the quokka.
The quokka twitches its whiskers.
The quokka closely misses you.
You barely miss the quokka. The quokka misses you. The quokka bites you.
The quokka attacks as you move away! The quokka closely misses you.
The quokka attacks as you move away! The quokka barely misses you.
The steam dragon breathes steam at you.
The ball of steam hits the quokka!
The quokka dies!
The ball of steam hits you!! The steam scalds you terribly!
You die...

#...........##.#.................
#............).#...............##
#.............................##
#...........##.##..........>..#
#............†...>.........##.#
#####...........#.............+
#.......##..#...........#.#
##.......#..##..........####
#..###...#.##@.........##
#..###....D§§.##.....#.#
#......#$...### .....#
#....##...### ...... #..........#
##..#..).##.### #.....)........
#.....)....###.. ............# .#


There were no monsters in sight!

Vanquished Creatures
  2 adders
  An ufetubus (D:4)
  2 worms
  3 dart slugs
  5 orcs
  7 endoplasms
  3 giant cockroaches
  2 goblins
  6 hobgoblins
  4 quokkas
  4 ball pythons
  6 bats
  4 frilled lizards
  8 kobolds
  6 rats
63 creatures vanquished.

Vanquished Creatures (others)
  A quokka (D:4)
1 creature vanquished.

Grand Total: 64 creatures vanquished

Notes
Turn   | Place    | Note
-------+----------+-------------------------------------------
     0 | D:1      | oufanbear the Troll Berserker began the quest for the Orb.
     0 | D:1      | Reached XP level 1. HP: 22/22 MP: 0/0
   106 | D:1      | Found Vezotu Xisuo's Antique Armour Shop.
   157 | D:1      | Reached XP level 2. HP: 29/29 MP: 1/1
   399 | D:1      | Reached ** piety under Trog
   595 | D:1      | Reached XP level 3. HP: 36/36 MP: 2/2
  1404 | D:2      | Identified the +0 robe of the Journeyman {rElec Str+2}
  1863 | D:3      | Reached skill level 4 in Unarmed Combat
  1874 | D:3      | Reached XP level 4. HP: 40/45 MP: 3/3
  1917 | D:3      | Found a faded altar of an unknown god.
  2107 | D:3      | Found Luygg's Book Boutique.
  2107 | D:3      | Noticed a walking divine tome
  2107 | D:3      | Noticed a walking earthen tome
  3180 | D:4      | Noticed a steam dragon
  3196 | D:4      | Killed from afar by a steam dragon

Illustrated notes

Levels and vault maps discovered:
D:1:      amcnicky_arrival_gap_in_the_tavern_cellar, layout_loops_ring,
          serial_shops, nicolae_shop_overgrown_old_shop
D:2:      layout_loops_ring, serial_glass, glass_columns_a, glass_columns_b,
          glass_columns_a, glass_columns_c, glass_columns_a, glass_columns_a
D:3:      layout_basic, serial_shops, nicolae_shop_mannequins,
          shapermc_ecumenical_altar_flowoftime, chequers_decorated_corner,
          minmay_strange_pillars
D:4:      layout_rooms, mainiacjoe_overflow_tiny_flanked,
          minmay_temple_entry_glassed_door, serial_shops, nicolae_shop_crystal,
          feat_on_display

Skill      XL: |  1  2  3  4 |
---------------+-------------+-----
Fighting       | 3 |  3.1
Unarmed Combat | 4 |  4.3
Dodging        | 3 |  3.0

Action                     |  1- 3 |  4- 6 || total
---------------------------+-------+-------++-------
  Melee: Unarmed           |   122 |   173 ||   295
         Punch             |     4 |     7 ||    11
 Invoke: Trog's Hand       |     1 |       ||     1
 Armour: Animal skin       |    41 |       ||    41
         Robe              |     7 |    29 ||    36
  Dodge: Dodged            |    69 |    47 ||   116

Table legend: (Time is in decaauts)
 A = Elapsed time spent in this place.
 B = Non-inter-level travel time spent in this place.
 C = Inter-level travel time spent in this place.
 D = Time resting spent in this place.
 E = Time spent auto-exploring this place.
 F = Levels seen in this place.
 G = Mean time per level.
                   A        B        C        D        E       F      G
               +--------+--------+--------+--------+--------+-----+--------+
         Total |   3172 |   2461 |    711 |      0 |      0 |   4 |  793.0 |
       Dungeon |   3172 |   2461 |    711 |      0 |      0 |   4 |  793.0 |
               +--------+--------+--------+--------+--------+-----+--------+

Top non-repeatable levels by time:
     D:3: 1207 daAuts
     D:2: 941 daAuts
     D:1: 904 daAuts
     D:4: 118 daAuts
